 Dungeon Crawl Stone Soup version 0.27.1-3-gb3d3a73c9e (webtiles) character file.

Game seed: 10749008138384484297

301090 loralnil the Earth Mage (level 20, -7/167 HPs)
             Began as a White Draconian Earth Elementalist on Oct 13, 2021.
             Was an Elder of Sif Muna.
             Mangled by a +4 flail of protection (19 damage)
             ... on level 1 of the Elven Halls.
             The game lasted 02:05:42 (70632 turns).

loralnil the Earth Mage (DrEE)                     Turns: 70632, Time: 02:05:42

Health: -7/167     AC: 16    Str: 18    XL:     20   Next: 18%
Magic:  33/37      EV: 17    Int: 21    God:    Sif Muna [****..]
Gold:   4144       SH:  7    Dex: 13    Spells: 9/45 levels left

rFire    . . .     SeeInvis +   d - staff of conjuration
rCold    + + .     Faith    .   M - +2 buckler
rNeg     + + .     Spirit   .   (armour unavailable)
rPois    +         Reflect  .   h - +2 hat
rElec    .         Harm     .   (no cloak)
rCorr    +         Rampage  .   V - +0 pair of gloves
Will     +....                  f - +2 pair of boots {Fly}
Stlth    ++........             v - amulet of magic regeneration
HPRegen  0.37/turn              S - ring "Xighe" {rCorr Str+4}
MPRegen  0.50/turn              W - ring "Urreejegg" {rPois rC+ rN++ Str+2 Int-3 SInv}

@: on fire, flying, glowing
A: breathe frost, AC +10, unfitting armour, cold resistance 1, cold-blooded,
clever 1, robust 1, noise suppression
}: 2/15 runes: decaying, gossamer
a: Breathe Frost, Renounce Religion, Channel Magic, Forget Spell, Divine
Exegesis


You were on level 1 of the Elven Halls.
You worshipped Sif Muna.
Sif Muna was greatly pleased with you.
You visited 8 branches of the dungeon, and saw 36 of its levels.
You visited 1 bazaar.
You also visited: Gauntlet and Ice Cave.

You collected 6961 gold pieces.
You spent 2817 gold pieces at shops.

Inventory:

Missiles
 b - 711 stones
 N - a throwing net
Armour
 f - a +2 pair of boots of flying (worn)
 h - a +2 hat (worn)
 C - the +0 cloak of Watchfulness {-Tele rCorr Int+3 Dex+5}
   (You bought it in a shop in a bazaar)

   Int:       It affects your intelligence (+3).
   Dex:       It affects your dexterity (+5).
   -Tele:     It prevents most forms of teleportation.
   rCorr:     It protects you from acid and corrosion.
 M - a +2 buckler (worn)
 V - a +0 pair of gloves (worn)
Magical Staves
 d - a staff of conjuration (weapon)
 p - a staff of earth
 Y - a staff of death
Jewellery
 g - a +4 ring of protection
 q - a ring of protection from fire
 t - the ring of Tifupta {Ice rN+ rCorr Int-4 Dex+2}
   (You found it on level 7 of the Dungeon)

   [ring of ice]

   It enhances your ice magic.
   Int:       It affects your intelligence (-4).
   Dex:       It affects your dexterity (+2).
   rF:        It makes you vulnerable to fire.
   rC:        It protects you from cold.
   rN:        It protects you from negative energy.
   rCorr:     It protects you from acid and corrosion.
 v - an amulet of magic regeneration (around neck)
 w - a +4 ring of evasion
 A - a +6 ring of strength
 J - the ring "Iwomur" {Will+ Str+2 Stlth+}
   (You bought it in a shop on level 3 of the Vaults)

   [ring of willpower]

   Str:       It affects your strength (+2).
   Will:      It increases your willpower.
   Stlth:     It makes you more stealthy.
 R - a ring of poison resistance
 S - the ring "Xighe" (left hand) {rCorr Str+4}
   (You bought it in a shop on level 2 of the Orcish Mines)

   [ring of resist corrosion]

   Str:       It affects your strength (+4).
   rCorr:     It protects you from acid and corrosion.
 T - an amulet of Yredelemnul's Approval {rElec rF+ rN+ Regen+}
   (You found it on level 12 of the Dungeon)

   [amulet of regeneration]

   rF:        It protects you from fire.
   rElec:     It insulates you from electricity.
   rN:        It protects you from negative energy.
   Regen:     It increases your rate of health regeneration.
 W - the ring "Urreejegg" (right hand) {rPois rC+ rN++ Str+2 Int-3 SInv}
   (You bought it in a shop on level 3 of the Vaults)

   [ring of see invisible]

   Str:       It affects your strength (+2).
   Int:       It affects your intelligence (-3).
   rC:        It protects you from cold.
   rPois:     It protects you from poison.
   rN:        It greatly protects you from negative energy.
   SInv:      It lets you see invisible.
Wands
 c - a wand of acid (25)
 e - a wand of iceblast (81)
 m - a wand of polymorph (7)
 F - a wand of digging (6)
Scrolls
 j - 9 scrolls of amnesia
 l - 2 scrolls of brand weapon
 o - 9 scrolls of teleportation
 u - 7 scrolls of fog
 y - 3 scrolls of blinking
 z - 4 scrolls of enchant armour
 G - 4 scrolls of enchant weapon
 I - 6 scrolls of holy word
 K - a scroll of summoning
 L - 4 scrolls of fear
 O - 7 scrolls of vulnerability
 P - 14 scrolls of identify
 Q - a scroll of silence
 X - 2 scrolls of magic mapping
Potions
 a - 6 potions of brilliance
 i - 6 potions of lignification
 k - 3 potions of curing
 n - 3 potions of attraction
 r - a potion of mutation
 s - 17 potions of ambrosia
 B - 10 potions of might
 D - a potion of invisibility
 E - a potion of resistance
 H - 4 potions of haste
 U - 2 potions of berserk rage
 Z - a potion of cancellation


   Skills:
 - Level 7.0 Fighting
 - Level 12.0 Dodging
 + Level 8.0 Stealth
 - Level 4.0 Shields
 - Level 13.0 Spellcasting
 + Level 18.6 Conjurations
 - Level 11.0 Summonings
 - Level 2.0 Transmutations
 + Level 18.7 Earth Magic
 - Level 10.0 Invocations


You had 9 spell levels left.
You knew the following spells:

 Your Spells              Type           Power      Damage    Failure   Level
a - Sandblast             Erth           100%       2d20      0%          1
b - Passwall              Tmut/Erth      45%        N/A       1%          2
c - Stone Arrow           Conj/Erth      100%       3d13      0%          3
d - Petrify               Tmut/Erth      54%        N/A       1%          4
e - Iron Shot             Conj/Erth      47%        9d9       1%          6
f - Lehudib's Crystal Sp  Conj/Erth      47%        10d11     14%         8
g - Spellforged Servitor  Conj/Summ      42%        N/A       9%          7
h - Bolt of Magma         Conj/Fire/Erth 39%        4d17      1%          5

Your spell library contained the following spells:

 Spells                   Type           Power      Damage    Failure   Level
 Magic Dart               Conj           100%       1d8       0%          1
 Searing Ray              Conj           100%       3d7       0%          2
 Foxfire                  Conj/Fire      100%       2x1d9     1%          1
 Shock                    Conj/Air       100%       1d9       1%          1
 Summon Small Mammal      Summ           100%       N/A       1%          1
 Call Imp                 Summ           56%        N/A       1%          2
 Static Discharge         Conj/Air       68%        N/A       1%          2
 Call Canine Familiar     Summ           56%        N/A       1%          3
 Conjure Flame            Conj/Fire      68%        6-21      1%          3
 Dazzling Flash           Conj/Hex       100%       N/A       1%          3
 Mephitic Cloud           Conj/Pois/Air  56%        N/A       1%          3
 Hailstorm                Conj/Ice       68%        3d14      1%          4
 Iskenderun's Mystic Bla  Conj/Tloc      68%        2d14      1%          4
 Leda's Liquefaction      Hex/Erth       26%        N/A       1%          4
 Sticky Flame             Conj/Fire      68%        2d8       1%          4
 Irradiate                Conj/Tmut      35%        3d25      1%          5
 Iskenderun's Battlesphe  Conj           95%        2d14      1%          5
 Lee's Rapid Deconstruct  Erth           37%        3d20*     1%          5
 Orb of Destruction       Conj           47%        9d15      1%          7
 Borgnjor's Vile Clutch   Necr/Erth      26%        N/A       2%          5
 Fireball                 Conj/Fire      34%        3d14      2%          5
 Lightning Bolt           Conj/Air       34%        1d51      2%          5
 Animate Skeleton         Necr           26%        N/A       4%          1
 Apportation              Tloc           26%        N/A       4%          1
 Pain                     Necr           52%        1d6       4%          1
 Summon Ice Beast         Ice/Summ       36%        N/A       4%          4
 Blink                    Tloc           N/A        N/A       7%          2
 Corpse Rot               Necr/Air       N/A        N/A       7%          2
 Ensorcelled Hibernation  Hex/Ice        26%        N/A       7%          2
 Poisonous Vapours        Pois/Air       26%        N/A       7%          2
 Slow                     Hex            13%        N/A       7%          2
 Sublimation of Blood     Necr           6%         N/A       7%          2
 Shadow Creatures         Summ           N/A        N/A       8%          6
 Freezing Cloud           Conj/Ice/Air   28%        6-21      11%         5
 Statue Form              Tmut/Erth      36%        N/A       11%         6
 Confusing Touch          Hex            13%        N/A       14%         3
 Gell's Gravitas          Tloc           6%         N/A       14%         3
 Lesser Beckoning         Tloc           6%         N/A       14%         3
 Ozocubu's Armour         Ice            13%        N/A       14%         3
 Portal Projectile        Hex/Tloc       26%        N/A       14%         3
 Teleport Other           Tloc           13%        N/A       14%         3
 Vampiric Draining        Necr           6%         2d6       14%         3
 Summon Forest            Summ/Tloc      18%        N/A       14%         5
 Summon Mana Viper        Hex/Summ       36%        N/A       14%         5
 Conjure Ball Lightning   Conj/Air       34%        3x3d11    16%         6
 Starburst                Conj/Fire      34%        6d10      16%         6
 Ice Form                 Ice/Tmut       17%        N/A       30%         4
 Monstrous Menagerie      Summ           28%        N/A       41%         7
 Animate Dead             Necr           6%         N/A       43%         4
 Cause Fear               Hex            6%         N/A       43%         4
 Olgreb's Toxic Radiance  Pois           13%        N/A       43%         4
 Blade Hands              Tmut           11%        N/A       50%         5
 Agony                    Necr           13%        N/A       78%         5
 Excruciating Wounds      Necr           6%         N/A       78%         5
 Manifold Assault         Tloc           13%        N/A       78%         5
 Silence                  Hex/Air        6%         N/A       78%         5
 Shatter                  Erth           37%        3d30*     92%         9
 Summon Horrible Things   Summ           28%        N/A       98%         8
 Haunt                    Necr/Summ      18%        N/A       99%         7
 Malign Gateway           Summ/Tloc      18%        N/A       99%         7
 Dispersal                Tloc           6%         N/A       100%        6
 Simulacrum               Ice/Necr       6%         N/A       100%        6
 Dragon Form              Tmut           11%        N/A       100%        7
 Borgnjor's Revivificati  Necr           6%         N/A       100%        8
 Ignition                 Fire           6%         3d4       100%        8
 Infestation              Necr           6%         N/A       100%        8
 Maxwell's Capacitive Co  Air            6%         ∞         100%        8
 Dragon's Call            Summ           28%        N/A       100%        9
 Fire Storm               Conj/Fire      34%        8d9       100%        9
 Polar Vortex             Ice            6%         N/A       100%        9
 Animate Armour           Summ/Erth      Unusable   N/A       N/A         4

Dungeon Overview and Level Annotations

Branches:
Dungeon (15/15)            Temple (1/1) D:4            Lair (6/6) D:9
  Swamp (4/4) Lair:2       Spider (4/4) Lair:3        Slime (0/5) Lair:6
    Orc (2/2) D:9             Elf (1/3) Orc:2        Vaults (3/5) D:13
  Crypt (0/3) Vaults:2     Depths (0/5) D:15          IceCv (visited)
Gauntlet (visited)

Altars:
Ashenzari
Cheibriados
Dithmenos
Elyvilon
Fedhas
Gozag
Hepliaklqana
Kikubaaqudgha
Makhleb
Nemelex Xobeh
Okawaru
Qazlal
Ru
Sif Muna
Trog
Uskayaw
Vehumet
Wu Jian
Xom
Yredelemnul
Zin
The Shining One
Beogh

Shops:
D:3 [   D:15 ?   Orc:2 (*=?   Vaults:3 =

Portals:
Trove: Vaults:1 (give +6 demon blade)

Annotations:
D:3 2 transporters
D:14 2 transporters, TheNamelessOne's ghost, journeyman FoMo
Lair:2 1 runed translucent door, Jouqof's ghost, journeyman VSFi
Spider:3 exclusion: player ghost, Zosacw's ghost, adept HaHu
Elf:1 Frances
Vaults:1 2 transporters, exclusion: obsidian statue


Innate Abilities, Weirdness & Mutations

You can breathe waves of freezing cold which knock back foes.
Your icy white scales are hard. (AC +10)
You cannot fit into any form of body armour.
Your flesh is cold resistant. (rC+)
You are cold-blooded and may be slowed by cold attacks.
Your mind is acute. (Int +2)
You are robust. (+10% HP)
You passively dampen the noise of your surroundings.


Message History

The fire elemental hits you. The fire elemental burns you!
The +4 flail of protection hits you!
Frances says, "I value strength and power.
I see none of this in you."
The deep elf pyromancer barely misses you.
The fire elemental hits you. The fire elemental burns you!
The soul eater draws from the surrounding life force!
You closely miss the fire elemental.
You block the +4 flail of protection's attack.
Frances mutters in a terrible tongue.
The +4 flail of protection misses you. The fire elemental hits you.
The fire elemental burns you!
The deep elf pyromancer hits you but does no damage.
As you read the scroll of teleportation, it crumbles to dust.
You feel strangely unstable.
The soul eater disappears in a puff of smoke!
The +4 flail of protection hits you!!
* * * LOW HITPOINT WARNING * * *
You block the fire elemental's attack.
The deep elf pyromancer hits you but does no damage.
The +4 flail of protection closely misses you.
The fire elemental hits you. The fire elemental burns you!
* * * LOW HITPOINT WARNING * * *
The deep elf pyromancer points at you and mumbles some strange words.
The bolt of fire hits you!!
* * * LOW HITPOINT WARNING * * *
The fire elemental misses you.
Okay, then.
Your surroundings seem slightly different.
The +4 flail of protection completely misses you.
The deep elf pyromancer points at you and mumbles some strange words.
The sticky flame hits you but does no damage.
You are covered in liquid flames!
Frances says, "There is a strange beauty in the demonic, don't you think?"
The fire elemental hits you. The fire elemental burns you!
* * * LOW HITPOINT WARNING * * *
You feel better.
You are covered in liquid flames!
* * * LOW HITPOINT WARNING * * *
The +4 flail of protection hits you!!
You die...

..####... .............. .......
....#..#.###..#......
.........###..##....
...#..#e.###.......##
........####........##
e.#..#..####.........#
.......####..........#
......####..#...@....#
....#####...'..(Ee...# ####.#
''#####....##...○.[@.######.....+
#......##........4.4.3......+
#..).####.......#############
#..)## #......## #).## ##....##
#..# ##..## #..# ####


You could see Frances (fast, resistant), a hellwing (summoned), a rust devil
(summoned), a deep elf pyromancer, a fire elemental (summoned) and a +4 flail of
protection.

Vanquished Creatures
  Bai Suzhen (Swamp:4)
  Xtahua (Vaults:3)
  Nikola (Swamp:1)
  An Ice Fiend (IceCv)
  Asterion (Vaults:2)
  A tentacled monstrosity (Swamp:1)
  2 tengu reavers
  Agnes (Elf:1)
  A thorn hunter (Swamp:4)
  A fire giant (D:15)
  4 vault wardens
  An orc warlord (Vaults:2)
  2 emperor scorpions (Spider:4)
  The ghost of Bolleh the Thaumaturge, a journeyman GnSk of Makhleb (Spider:3)
  4 ghost moths (Spider:4)
  16 ironbound preservers
  7 very ugly things
  A deep elf demonologist (Vaults:3)
  A deep elf annihilator (Elf:1)
  A spark wasp (Spider:4)
  A minotaur (Gauntlet)
  3 entropy weavers
  4 bunyips
  6 eleionomae
  Josephine (D:15)
  2 yaktaur captains
  A great orb of eyes (Vaults:2)
  A deep elf high priest (Vaults:2)
  2 shambling mangroves (Swamp:3)
  3 ironbound thunderhulks
  Fannar (D:12)
  A spriggan air mage (Swamp:4)
  6 boulder beetles
  A vault guard (Vaults:1)
  An ogre mage (D:13)
  4 ghost crabs
  2 peacekeepers (Vaults:2)
  19 hydras
  7 ironbound frosthearts
  9 centaur warriors
  A death knight (D:13)
  8 two-headed ogres
  7 death yaks
  8 alligators
  4 orc high priests (Orc:2)
  Urug (Lair:1)
  A fire crab (Gauntlet)
  2 deep elf knights (Elf:1)
  A skeletal warrior (D:12)
  47 deep trolls
  7 goliath frogs
  11 swamp dragons
  A deep elf archer (Elf:1)
  4 spriggan druids
  A glowing orange brain (Vaults:3)
  6 bog bodies
  11 deep elf zephyrmancers
  14 ironbound convokers
  An obsidian statue (IceCv)
  5 orc knights
  2 wizards
  14 deep elf pyromancers
  A necromancer (Gauntlet)
  15 orb spiders
  An oklob plant (Lair:1)
  6 manticores
  3 orc sorcerers (Orc:2)
  6 cyclopes
  7 ugly things
  5 will-o-the-wisps
  3 moths of wrath
  30 wolf spiders
  A centaur zombie (D:10)
  4 black mambas
  Maurice (Orc:2)
  An ice statue (Gauntlet)
  13 vault sentinels
  A cane toad (shapeshifter) (D:15)
  2 torpor snails
  3 gargoyles
  16 cane toads
  3 rime drakes
  2 kobold demonologists
  An efreet (D:13)
  An unseen horror (D:12)
  4 centaur skeletons (D:13)
  15 demonic crawlers
  16 komodo dragons
  10 ice devils (IceCv)
  A yaktaur (shapeshifter) (D:15)
  An anaconda simulacrum (IceCv)
  3 freezing wraiths
  6 entropy weaver simulacra (IceCv)
  A komodo dragon (shapeshifter) (D:14)
  15 yaktaurs
  A golden dragon simulacrum (IceCv)
  5 trolls
  3 bloated husks
  3 meliai (D:13)
  35 jumping spiders
  8 tyrant leeches
  3 polar bears
  A queen bee (Lair:3)
  A merfolk (shapeshifter) (Vaults:2)
  12 hornets
  Prince Ribbit (D:5)
  29 slime creatures
  10 dream sheep
  22 blink frogs
  43 tarantellas
  2 air elementals (Elf:1)
  87 redbacks
  12 spriggans
  2 shadows
  4 wraiths
  10 spriggan simulacra (IceCv)
  A vampire (D:13)
  3 wyverns
  3 dire elephant simulacra (IceCv)
  63 yaks
  4 basilisks
  A hog (shapeshifter) (D:9)
  4 fire bats (Gauntlet)
  3 wargs (D:8)
  A steam dragon (Lair:4)
  A harpy simulacrum (IceCv)
  15 vampire mosquitoes
  4 minotaur simulacra (IceCv)
  3 acid dragons
  The ghost of 15bullets the Conjurer, an amateur OpCj (D:4)
  15 swamp worms
  2 hell hounds (Gauntlet)
  Duvessa (D:4)
  2 hydra simulacra (IceCv)
  A hornet zombie (D:6)
  5 swamp drakes
  2 black bears
  15 water moccasins
  30 orc warriors
  2 alligator simulacra (IceCv)
  A sky beast (D:6)
  3 ice beasts (D:7)
  A necrophage (D:5)
  7 ogres
  34 wolves
  14 boggarts
  10 centaurs
  2 phantoms
  15 bullfrogs
  8 kobold brigands
  2 gnoll sergeants
  2 wyvern zombies
  5 deep troll simulacra (IceCv)
  2 scorpions
  A wyvern skeleton (D:7)
  A water moccasin skeleton (D:4)
  Dowan (D:5)
  2 lindwurm simulacra (IceCv)
  35 killer bees
  10 wights
  3 electric eels (Lair:6)
  A bullfrog zombie (D:6)
  3 hounds
  A jelly (D:7)
  25 orc priests
  3 gnoll shamans
  4 hell rats (Lair:5)
  An iguana (D:4)
  28 orc wizards
  A killer bee zombie (D:8)
  A howler monkey zombie (D:8)
  3 adders
  13 gnolls
  A shadow imp (D:7)
  A white imp (D:7)
  2 ufetubi
  4 worms
  3 dart slugs
  79 orcs
  8 ball pythons
  9 endoplasms
  4 giant cockroaches
  4 goblins
  5 hobgoblins
  4 jackals (D:4)
  31 kobolds
  A quokka (D:3)
  3 bats (D:1)
  2 frilled lizards
  5 rats
1364 creatures vanquished.

Vanquished Creatures (collateral kills)
  A demonic crawler (Spider:1)
  A jumping spider (Spider:1)
  A redback (Spider:1)
3 creatures vanquished.

Vanquished Creatures (others)
  A hornet (Swamp:1)
  A spriggan (Swamp:1)
  20 foxfires
  29 fungi
  154 plants
  4 withered plants
209 creatures vanquished.

Grand Total: 1576 creatures vanquished

Notes
Turn   | Place    | Note
-------+----------+-------------------------------------------
     0 | D:1      | loralnil the Draconian Earth Elementalist began the quest
                  | for the Orb.
     0 | D:1      | Reached XP level 1. HP: 14/14 MP: 3/3
   126 | D:1      | Reached XP level 2. HP: 8/20 MP: 0/5
   584 | D:1      | Learned a level 2 spell: Passwall
   907 | D:1      | Identified a scroll of acquirement
   963 | D:1      | Acquired a +2 pair of boots of flying
  1370 | D:2      | Reached XP level 3. HP: 26/26 MP: 3/6
  1402 | D:2      | Learned a level 3 spell: Stone Arrow
  2117 | D:3      | Found a transporter.
  2160 | D:3      | Found a transporter.
  2499 | D:3      | Reached XP level 4. HP: 33/33 MP: 6/8
  2561 | D:3      | Found a faded altar of an unknown god.
  2590 | D:3      | Found Johiaquh's Antique Armour Shoppe.
  2819 | D:4      | Reached skill level 1 in Conjurations
  2889 | D:4      | Reached XP level 5. HP: 38/38 MP: 6/9
  3010 | D:4      | Found a staircase to the Ecumenical Temple.
  3028 | Temple   | Entered the Ecumenical Temple
  3536 | Temple   | Became a worshipper of Sif Muna the Loreminder
  3952 | D:4      | Found a runed translucent gate.
  3953 | D:4      | Found a runed translucent gate.
  3953 | D:4      | Found a runed translucent gate.
  3953 | D:4      | Noticed 15bullets's ghost (amateur OpCj)
  3959 | D:4      | Identified the +7 hunting sling of Bedazzling True Grit
                  | {vorpal, Fly rC- Str+3}
  3959 | D:4      | Identified the +2 chain mail of Jewno {SInv}
  4351 | D:4      | Killed 15bullets's ghost
  4352 | D:4      | Reached XP level 6. HP: 2/45 MP: 3/11
  4364 | D:4      | HP: 2/45 [orc (3)]
  4766 | D:5      | Entered Level 5 of the Dungeon
  4766 | D:5      | Noticed Duvessa
  4766 | D:5      | Noticed Dowan
  4772 | D:5      | Killed Dowan
  4789 | D:4      | Gained mutation: Your mind is acute. (Int +2) [potion of
                  | mutation]
  4789 | D:4      | Gained mutation: You are robust. (+10% HP) [potion of
                  | mutation]
  4789 | D:4      | Gained mutation: You passively dampen the noise of your
                  | surroundings. [potion of mutation]
  4912 | D:4      | Killed Duvessa
  4913 | D:4      | Your scales start taking on an icy white colour.
  4913 | D:4      | Reached XP level 7. HP: 15/55 MP: 0/12
  4913 | D:4      | Gained mutation: Your flesh is cold resistant. (rC+) [White
                  | Draconian growth]
  5325 | D:5      | Noticed Prince Ribbit
  5336 | D:5      | Killed Prince Ribbit
  5337 | D:5      | Reached skill level 5 in Earth Magic
  5493 | D:5      | Found a broken altar of Ashenzari.
  5614 | D:5      | Reached skill level 5 in Conjurations
  5807 | D:5      | Reached XP level 8. HP: 62/62 MP: 1/15
  6278 | D:6      | Reached skill level 5 in Spellcasting
  6790 | D:6      | Reached * piety under Sif Muna
  7594 | D:7      | Reached XP level 9. HP: 68/68 MP: 10/17
  7599 | D:7      | Learned a level 4 spell: Petrify
  8487 | D:7      | Identified the ring of Tifupta {Ice rN+ rCorr Int-4 Dex+2}
  9316 | D:8      | Noticed a two-headed ogre
  9318 | D:8      | Killed a two-headed ogre
  9403 | D:8      | Reached ** piety under Sif Muna
  9432 | D:8      | Reached XP level 10. HP: 68/84 MP: 1/21
 11075 | D:9      | Found a staircase to the Orcish Mines.
 11395 | D:9      | Reached *** piety under Sif Muna
 11604 | D:9      | Noticed a two-headed ogre
 11702 | D:9      | Found a staircase to the Lair.
 11716 | D:8      | Reached skill level 5 in Fighting
 11980 | D:9      | Reached skill level 5 in Dodging
 12090 | D:9      | Killed a two-headed ogre
 12366 | D:9      | Reached XP level 11. HP: 95/100 MP: 18/24
 12680 | D:9      | Reached **** piety under Sif Muna
 13168 | D:10     | Entered Level 10 of the Dungeon
 14173 | D:11     | Noticed a purple ugly thing
 14180 | D:10     | Killed a purple ugly thing
 14268 | D:10     | Reached skill level 10 in Spellcasting
 15382 | Lair:1   | Entered Level 1 of the Lair of Beasts
 15382 | Lair:1   | Noticed a six-headed hydra
 15385 | Lair:1   | Killed a six-headed hydra
 15447 | Lair:1   | Reached ***** piety under Sif Muna
 15724 | Lair:1   | Identified the +8 scimitar of Dammeceps {flame, *Corrode
                  | Str+5}
 15807 | Lair:1   | Received a gift from Sif Muna
 15810 | Lair:1   | Reached XP level 12. HP: 110/110 MP: 5/26
 15812 | Lair:1   | Got Lugh's Compendium of Heat and Arcane Weapons {god gift}
 15918 | Lair:1   | Noticed Urug
 15922 | Lair:1   | Killed Urug
 16366 | Lair:1   | You are sucked into a shaft and drop 1 floor!
 16547 | Lair:2   | Reached skill level 10 in Conjurations
 16547 | Lair:2   | Reached skill level 10 in Earth Magic
 17503 | Lair:1   | Noticed a five-headed hydra
 17509 | Lair:1   | Killed a five-headed hydra
 18602 | Lair:2   | Found a runed translucent door.
 18622 | Lair:2   | Noticed a six-headed hydra
 18623 | Lair:2   | Noticed Jouqof's ghost (journeyman VSFi)
 18697 | Lair:2   | Found a staircase to the Swamp.
 19308 | Lair:3   | Noticed a six-headed hydra
 19317 | Lair:3   | Killed a six-headed hydra
 19410 | Lair:3   | Found a hole to the Spider Nest.
 20314 | Lair:3   | Reached XP level 13. HP: 99/115 MP: 21/27
 21706 | Lair:4   | You are sucked into a shaft and drop 2 floors!
 21706 | Lair:6   | Entered Level 6 of the Lair of Beasts
 21921 | Lair:6   | Received a gift from Sif Muna
 22452 | Lair:6   | Got Sif Muna's Catalogue of Ashen Battle Magic {god gift}
 22463 | Lair:6   | Learned a level 6 spell: Iron Shot
 25242 | Lair:5   | Reached XP level 14. HP: 124/124 MP: 3/28
 26819 | Lair:6   | Received a gift from Sif Muna
 26820 | Lair:6   | Got Sif Muna's Papyrus of Dusty Venom {god gift}
 27309 | Lair:6   | Identified the +5 scale mail of Plasticity {rPois}
 27312 | Lair:6   | Identified the +8 ring mail of Ytaus {rPois rF- Dex+4}
 27924 | Lair:6   | Found a staircase to the Slime Pits.
 28725 | Orc:1    | Entered Level 1 of the Orcish Mines
 30001 | Orc:2    | Entered Level 2 of the Orcish Mines
 30211 | Orc:2    | Found a staircase to the Elven Halls.
 30231 | Orc:2    | Found a flickering gateway to a bazaar.
 30280 | Bazaar   | Entered a bazaar
 30357 | Bazaar   | Found Hubut's Antique Weapon Emporium.
 30370 | Bazaar   | Found Qidih's Antique Weapon Shoppe.
 30387 | Bazaar   | Found Niede's Antique Armour Shoppe.
 30398 | Bazaar   | Found Cautujag's Antique Armour Emporium.
 30403 | Bazaar   | Bought a scorched cloak for 285 gold pieces
 30403 | Bazaar   | Identified the +0 cloak of Watchfulness {-Tele rCorr Int+3
                  | Dex+5} (You bought it in a shop in a bazaar)
 30440 | Bazaar   | Bought a fine scythe for 128 gold pieces
 30440 | Bazaar   | Identified the +5 scythe of Starshine {vorpal, Str+7} (You
                  | bought it in a shop in a bazaar)
 31277 | Orc:2    | Noticed Maurice
 31284 | Orc:2    | Killed Maurice
 31861 | Orc:2    | Reached skill level 15 in Conjurations
 31861 | Orc:2    | Reached skill level 15 in Earth Magic
 32317 | Orc:2    | Found Zaguseg's Antique Weapon Emporium.
 32317 | Orc:2    | Found Yhicoyt's Jewellery Shoppe.
 32318 | Orc:2    | Found Weemner's Magic Scroll Shoppe.
 32322 | Orc:2    | Found Ymebro's Assorted Antiques.
 32326 | Orc:2    | Bought a scroll labelled NODYL TIAZYOBB for 37 gold pieces
 32327 | Orc:2    | Bought a scroll of identify for 34 gold pieces
 32327 | Orc:2    | Bought a scroll of identify for 34 gold pieces
 32327 | Orc:2    | Bought a scroll of identify for 34 gold pieces
 32327 | Orc:2    | Bought a scroll of identify for 34 gold pieces
 32327 | Orc:2    | Bought a scroll of silence for 127 gold pieces
 32330 | Orc:2    | Bought a ring of poison resistance for 280 gold pieces
 32330 | Orc:2    | Bought the ring "Xighe" {rCorr Str+4} for 495 gold pieces
 33202 | D:11     | Learned a level 8 spell: Lehudib's Crystal Spear
 33897 | D:12     | Identified an amulet of Yredelemnul's Approval {rElec rF+
                  | rN+ Regen+}
 34846 | D:12     | Reached XP level 15. HP: 129/129 MP: 22/29
 34962 | D:12     | Noticed Fannar
 34964 | D:12     | Killed Fannar
 35420 | D:13     | Identified the +9 trident of Mysoph {flame, rC+ Will+ Int+4
                  | Dex-2}
 35430 | D:13     | Found a gate leading to a gauntlet.
 35443 | Gauntlet | Entered a Gauntlet
 35443 | Gauntlet | Found a transporter.
 35443 | Gauntlet | Found a transporter.
 35443 | Gauntlet | Found a transporter.
 35563 | Gauntlet | Found a transporter.
 35650 | Gauntlet | Found a transporter.
 35663 | Gauntlet | Found a runed translucent door.
 35664 | Gauntlet | Found a transporter.
 35665 | Gauntlet | Found a transporter.
 35689 | Gauntlet | Found the +3 sling "Punk" {acid, rCorr}
 35690 | Gauntlet | Found a runed translucent door.
 35698 | Gauntlet | Found a large runed translucent door.
 35699 | Gauntlet | Found a large runed translucent door.
 35700 | Gauntlet | Found a large runed translucent door.
 35700 | Gauntlet | Found a large runed translucent door.
 35701 | Gauntlet | Found a large runed translucent door.
 35704 | Gauntlet | Found a large runed translucent door.
 35790 | Gauntlet | Found a runed translucent door.
 35792 | Gauntlet | Found a transporter.
 35951 | Gauntlet | Found a runed translucent gate.
 35952 | Gauntlet | Found a transporter.
 35961 | Gauntlet | Identified the +7 dagger "Wukadu Delo" {flame, rF+ rC++
                  | Str-5 Int+2}
 35975 | Gauntlet | Identified the +5 scale mail "Vaxodoem" {rElec rN+}
 35975 | Gauntlet | Identified the +1 robe "Xuliewur" {Harm Int+4}
 36581 | D:13     | Received a gift from Sif Muna
 36582 | D:13     | Got Keubb's Handbook of Burning Earth {god gift}
 37246 | D:13     | Reached skill level 1 in Shields
 37601 | D:13     | Found a gate to the Vaults.
 38521 | D:14     | Found a transporter.
 38525 | D:14     | Found a bloodstained altar of Trog.
 38526 | D:14     | Found a transporter.
 38526 | D:14     | Noticed an orc warlord
 38526 | D:14     | Noticed TheNamelessOne's ghost (journeyman FoMo)
 39256 | D:15     | Entered Level 15 of the Dungeon
 39585 | D:15     | Noticed Josephine
 39681 | D:15     | Killed Josephine
 40509 | D:15     | Found a staircase to the Depths.
 40509 | D:15     | Noticed a fire giant
 40513 | D:15     | Killed a fire giant
 40856 | D:15     | Found Xulioplo's Magic Scroll Emporium.
 40865 | D:15     | Bought a scroll of identify for 30 gold pieces
 40865 | D:15     | Bought a scroll of identify for 30 gold pieces
 40865 | D:15     | Bought a scroll of identify for 30 gold pieces
 40865 | D:15     | Bought a scroll of identify for 30 gold pieces
 41476 | Swamp:1  | Entered Level 1 of the Swamp
 42259 | Lair:2   | Reached XP level 16. HP: 102/138 MP: 7/31
 42454 | Swamp:1  | Noticed Nikola
 42466 | Swamp:1  | Killed Nikola
 42466 | Swamp:1  | Received a gift from Sif Muna
 42467 | Swamp:1  | Reached skill level 10 in Dodging
 42833 | Swamp:1  | Got Sif Muna's Disquisition on Snow {god gift}
 42852 | Swamp:1  | Noticed a tentacled monstrosity
 42857 | Swamp:1  | Killed a tentacled monstrosity
 43620 | Swamp:2  | Acquired loralnil's Almanac of Battle Magic
 43630 | Swamp:2  | Learned a level 7 spell: Spellforged Servitor
 44022 | Swamp:3  | Reached skill level 1 in Summonings
 44173 | Swamp:3  | Acquired 939 gold pieces
 45591 | Swamp:3  | Got the Almanac of Flight and the Traveller
 46025 | Swamp:4  | Entered Level 4 of the Swamp
 46046 | Swamp:2  | Reached skill level 5 in Summonings
 46564 | Swamp:4  | Found a frozen archway.
 46581 | IceCv    | Entered an ice cave
 46845 | IceCv    | Learned a level 5 spell: Bolt of Magma
 47050 | IceCv    | Received a gift from Sif Muna
 47370 | IceCv    | Found the +6 shillelagh "Devastator" {shatter}
 48041 | IceCv    | Noticed an Ice Fiend
 48265 | IceCv    | Killed an Ice Fiend
 48436 | IceCv    | Identified the +7 scythe "Ylic Puo" {freeze, rCorr}
 48480 | Swamp:4  | Noticed Bai Suzhen
 48488 | Swamp:4  | Killed Bai Suzhen
 48709 | Swamp:4  | Reached XP level 17. HP: 134/145 MP: 15/33
 49589 | Swamp:4  | Got a decaying rune of Zot
 50187 | Spider:1 | Entered Level 1 of the Spider Nest
 50539 | Spider:1 | Received a gift from Sif Muna
 50671 | Spider:1 | Got Sif Muna's Catalogue of Dark Arts and Stones {god gift}
 50858 | Spider:1 | Reached skill level 10 in Summonings
 52814 | Spider:2 | Reached skill level 1 in Invocations
 53960 | Spider:3 | Received a gift from Sif Muna
 55052 | Spider:3 | Acquired 1285 gold pieces
 55063 | Spider:3 | Found a runed translucent door.
 55066 | Spider:3 | Noticed Bolleh's ghost (journeyman GnSk)
 55346 | Spider:3 | Killed Bolleh's ghost
 55347 | Spider:3 | Reached XP level 18. HP: 152/152 MP: 12/35
 55425 | Spider:4 | Entered Level 4 of the Spider Nest
 55497 | Spider:4 | Found a runed translucent door.
 55499 | Spider:4 | Noticed Zosacw's ghost (adept HaHu)
 55517 | Spider:4 | Reached skill level 5 in Invocations
 56852 | Spider:4 | Received a gift from Sif Muna
 56853 | Spider:4 | Got Sif Muna's Collected Works on Arcane Weapons {god gift}
 58323 | Spider:4 | Received a gift from Sif Muna
 58324 | Spider:4 | Got Sif Muna's Catalogue of Freezing Attacks {god gift}
 58490 | Spider:4 | Got a gossamer rune of Zot
 59089 | Vaults:1 | Entered Level 1 of the Vaults
 59886 | Vaults:2 | Got the Disquisition on Dusty Summoning
 60580 | Vaults:1 | Found a transporter.
 60594 | Vaults:1 | Found a transporter.
 61330 | Vaults:1 | Reached skill level 10 in Invocations
 61600 | Vaults:1 | Received a gift from Sif Muna
 61601 | Vaults:1 | Got Sif Muna's Reference Book on Congealing Creation {god
                  | gift}
 61884 | Vaults:1 | Found a portal to a secret trove of treasure.
 62653 | Vaults:1 | Reached XP level 19. HP: 149/159 MP: 7/36
 63202 | Vaults:2 | Noticed Asterion
 63224 | Vaults:2 | Killed Asterion
 63999 | Vaults:2 | Found a staircase to the Crypt.
 63999 | Vaults:2 | Found a basalt altar of Yredelemnul.
 64038 | Vaults:2 | Found an ancient bone altar of Kikubaaqudgha.
 64873 | Vaults:2 | Reached skill level 5 in Stealth
 66260 | Vaults:3 | Identified the +3 plate armour of Orthodoxy {Rampage +Inv
                  | Will+}
 66591 | Vaults:3 | Found Negroyll's Jewellery Boutique.
 66885 | Vaults:3 | Bought the ring "Iwomur" {Will+ Str+2 Stlth+} for 585 gold
                  | pieces
 66885 | Vaults:3 | Bought the ring "Urreejegg" {rPois rC+ rN++ Str+2 Int-3
                  | SInv} for 624 gold pieces
 67251 | Vaults:3 | Noticed Xtahua
 67399 | Vaults:3 | Paralysed by Xtahua for 5 turns
 67404 | Vaults:3 | Killed Xtahua
 68869 | Vaults:3 | Reached XP level 20. HP: 92/167 MP: 6/37
 69400 | Elf:1    | Entered Level 1 of the Elven Halls
 69969 | Elf:1    | Noticed Agnes
 70291 | Elf:1    | Killed Agnes
 70613 | Elf:1    | Noticed Frances
 70632 | Elf:1    | Mangled by a +4 flail of protection

Illustrated notes

Levels and vault maps discovered:
D:1:      minmay_arrival_cross, layout_rooms, due_unseen_surprise
D:2:      layout_loops_ring
D:3:      gammafunk_steamed_eel, layout_basic,
          hellmonk_ecumenical_altar_blasted, serial_shops,
          nicolae_shop_overgrown_old_shop
D:4:      layout_loops_cross, minmay_temple_entry_stoned_glass,
          biasface_ghost_orc_armoury
D:5:      layout_rooms, nicolae_ashenzari_skybound, dk_vineyard_2,
          uniq_prince_ribbit1, uniq_sigmund, uniq_duvessa
D:6:      layout_rooms, hangedman_decor_growths, kennysheep_diamond
D:7:      minmay_spotlight, layout_basic, kennysheep_generic_room_3
D:8:      layout_basic
D:9:      layout_roguey, erik_lair_orcish_takeover,
          minmay_orc_entry_temple_small, special_room [special_room_orc],
          due_unseen_surprise
D:10:     layout_irregular_city
D:11:     layout_long_grid
D:12:     layout_gridville, uniq_fannar
D:13:     layout_cave_pools, hangedman_vaults_entry_quadrant_bands,
          serial_shops, bzr_firewalk, gauntlet_entry_generic
D:14:     layout_gridville, nrook_mini_backslash,
          gammafunk_ghost_wrathful_warriors
D:15:     grunt_enter_depths_giant_problem, layout_loops_corners,
          hangedman_glass_teeth, serial_shops, shop, uniq_josephine
Temple:   nicolae_temple_the_god_donut
Lair:1:   layout_regular_city, grunt_megastairs_4, minmay_lair_oklob_chamber,
          uniq_urug
Lair:2:   layout_regular_city, swamp_mist_pool, ebering_ghost_inner_flame,
          grunt_forest_stairs_clearing, lemuel_fruit_fields
Lair:3:   layout_loops_ring, spider_nest_entry_rubble, special_room
          [special_room_bee], serial_bayou_shore_b
Lair:4:   layout_gridlike
Lair:5:   layout_cave_pods, serial_bayou_crossing, lemuel_fruit_fields
Lair:6:   minmay_lair_end_frog_pond, layout_cave_pods,
          minmay_slime_entry_oklob_open, wad_woods_01, serial_bayou_shore_a,
          lemuel_fruit_tree, serial_bayou_shore_b
Swamp:1:  nicolae_swamp_ascending_descending_big, layout_basic_swamp,
          nicolae_swamp_tree_designs, uniq_nikola
Swamp:2:  layout_basic_swamp, infiniplex_staircase_pool, swamp_pool1
Swamp:3:  nicolae_swamp_wrong_neighborhood, layout_falls_marsh,
          evilmike_swamp_ruin_rubble_1
Swamp:4:  swamp_alternative, layout_basic_swamp,
          portal_ice_cave_entry_pillars_four, uniq_bai_suzhen
Spider:1: layout_spider_delve
Spider:2: layout_chambers, nicolae_spider_claw_tunnel
Spider:3: nicolae_spider_hilbert_zone_5 [nicolae_spider_hilbert_3_sides_1_open,
          nicolae_spider_hilbert_4_sides_1_open,
          nicolae_spider_hilbert_4_sides_1_open,
          nicolae_spider_hilbert_6_sides_1_open,
          nicolae_spider_hilbert_6_sides_1_open], gammafunk_ghost_grave,
          guppyfry_spider_mini_3
Spider:4: grunt_spider_rune_parallel, gammafunk_ghost_grave
Orc:1:    layout_caves
Orc:2:    st_orc_mages, layout_caves, serial_shops, bzr_entry_customers,
          uniq_maurice
Elf:1:    nicolae_elf_arrival_aired_out, layout_gridlike, serial_shops,
          nicolae_shop_behind_doors, minmay_elf_sorcery, uniq_frances,
          uniq_agnes
Vaults:1: v_misc_17, vaults_dpeg_ring, vaults_room_boxed, vaults_mumra_lcd,
          gammafunk_sealed_arena, nicolae_vaults_big_angled_halls,
          ontoclasm_vaults_fault, v_pattern_1, ontoclasm_vaults_loading_screen,
          v_misc_23, grunt_vaults_diagonal, nicolae_vaults_shelves_hall,
          v_misc_19, ontoclasm_vaults_claustrophobia, v_alt_pattern_2,
          vaults_dpeg_hooks, layout_vaults_omnibox, nicolae_trove_entry_columns
Vaults:2: v_misc_29, hangedman_vaults_slice, hangedman_vaults_restitches,
          vaults_mumra_minichess_inversion, nicolae_vaults_rhombus_5,
          hangedman_vaults_cutoff, vaults_room_hangedman_quadrants,
          minmay_crypt_entry_necro_gods, hangedman_vaults_unwind,
          grunt_vaults_focal, ontoclasm_vaults_ring_small, vaults_room_hallway,
          hangedman_vaults_corner_blocks, ontoclasm_vaults_shuriken, v_misc_15,
          layout_vaults_maze, portal_desolation_entry_twin_temple, uniq_asterion
Vaults:3: nicolae_vaults_hallways_thing, hangedman_vaults_snaps,
          vaults_mumra_minichess, vaults_room_door_hall, v_misc_9,
          ontoclasm_vaults_decontamination, nicolae_vaults_alarming,
          layout_vaults_big_room, serial_shops, nicolae_shop_statue_plus,
          uniq_xtahua

Skill      XL: |  1  2  3  4  5  6  7  8  9 10 11 12 13 14 15 16 17 18 19 20 |
---------------+-------------------------------------------------------------+-----
Stealth        | 2 7 8 |  8.0
Dodging        | 2 3 5 8 9 11 12 | 12.0
Transmutations | 2 |  2.0
Spellcasting   | 3 4 5 7 9 10 11 12 13 | 13.0
Conjurations   | 1 3 4 5 7 8 9 11 13 15 16 17 18 | 18.6
Earth Magic    | 4 5 6 8 9 11 13 15 16 17 18 | 18.7
Fighting       | 3 6 7 |  7.0
Shields        | 4 |  4.0
Summonings     | 7 11 | 11.0
Invocations    | 4 10 | 10.0

Action                   |  1- 3 |  4- 6 |  7- 9 | 10-12 | 13-15 | 16-18 | 19-21 || total
-------------------------+-------+-------+-------+-------+-------+-------+-------++-------
Melee: Unarmed           |    64 |       |       |       |       |       |       ||    64
       Tailslap          |    13 |    11 |     9 |    23 |    43 |     7 |     2 ||   108
       Quarterstaff      |    55 |    74 |       |       |       |       |       ||   129
       Staff             |       |       |    60 |   110 |   170 |    43 |    21 ||   404
 Cast: Sandblast         |    36 |    41 |    22 |   113 |   147 |    28 |       ||   387
       Stone Arrow       |       |     3 |   114 |   329 |   225 |    34 |       ||   705
       Iron Shot         |       |       |       |       |   327 |   753 |   297 ||  1377
       Bolt of Magma     |       |       |       |       |       |     3 |       ||     3
       Spellforged Servi |       |       |       |       |       |     1 |       ||     1
       Lehudib's Crystal |       |       |       |       |       |       |     9 ||     9
Invok: Channel Magic     |       |       |       |       |       |    13 |    22 ||    35
 Abil: Breathe Frost     |       |       |     1 |     5 |     7 |       |       ||    13
  Use: Scroll            |     4 |     6 |       |     6 |    12 |    14 |     3 ||    45
       Potion            |       |     3 |       |       |     5 |     9 |     1 ||    18
 Stab: Sleeping          |     4 |     2 |       |       |       |       |       ||     6
Armor: Skin              |    44 |    57 |    58 |   123 |   242 |   152 |    49 ||   725
Dodge: Dodged            |    91 |    69 |    65 |   285 |   552 |   357 |   118 ||  1537
Block: Buckler           |       |       |       |       |       |   155 |    45 ||   200
